 Dungeon Crawl Stone Soup version 0.19.4-9-g45fd643 (webtiles) character file.

494413 galech the Wrestler (level 23, -16/244 HPs)
             Began as a Troll Monk on Feb 21, 2017.
             Was the Champion of Okawaru.
             Demolished by a very large slime creature (49 damage)
             ... on level 2 of the Pits of Slime on Feb 22, 2017.
             The game lasted 03:45:52 (49985 turns).

galech the Wrestler (Troll Monk)                   Turns: 49985, Time: 03:45:53

Health: -16/244    AC: 21    Str: 41    XL:     23   Next: 93%
Magic:  0/49       EV: 20    Int: 11    God:    Okawaru [******]
Gold:   2924       SH:  0    Dex: 14    Spells: 0 memorised, 22 levels left

rFire  + + .     SeeInvis .       - Unarmed
rCold  x . .     Gourm    +     g - +4 moon troll leather armour {Spirit, Regen++ MP+5}
rNeg   + . .     Faith    .     (no shield)
rPois  +         Spirit   +     U - +3 hat of Pondering {ponderous, MR+ MP+10 Int+5}
rElec  +         Reflect  +     v - +0 cloak of the Endless Expanse {rPois rCorr Int+3}
rCorr  +         Harm     .     (gloves unavailable)
MR     ++...                    (boots unavailable)
Stlth  ++........               c - amulet "Waips" {Reflect *Drain rElec rF++ Int+2 SH+3}
                                s - ring of Symmetry {+Fly rN+ Str+7 Int-5}
                                Z - ring of Vysapa Oguth {+Blink rPois rC- AC+5 Stlth+}

@: confused, corroded, studying Polearms, slow
A: unfitting armour, claws 3, molten scales 1, slimy green scales 1, agile 1,
blurry vision 3, deformed body, fast metabolism 3, gourmand, regeneration 1,
shaggy fur 1, strong 1, tough skin 2, subdued magic 1
a: Heroism, Finesse, Renounce Religion, Evoke Blink, Evoke Flight
}: 2/15 runes: serpentine, barnacled


You were on level 2 of the Pits of Slime.
You worshipped Okawaru.
Okawaru was exalted by your worship.
You were not hungry.

You visited 9 branches of the dungeon, and saw 42 of its levels.
You visited the Abyss 1 time.
You also visited: Labyrinth, Sewer, Ice Cave and Wizlab.

You collected 5661 gold pieces.
You spent 2737 gold pieces at shops.

Inventory:

Armour
 f - the +7 storm dragon scales of Distant Worlds {rElec rF+ rN+ Dex-5 Stlth+}
   (Okawaru gifted it to you on level 1 of the Vaults)

   It affects your dexterity (-5).
   It protects you from fire.
   It insulates you from electricity.
   It protects you from negative energy.
   It makes you more stealthy.
 g - the +4 moon troll leather armour (worn) {Spirit, Regen++ MP+5}
   (You took it off a moon troll in a wizard's laboratory)

   It affects your magic capacity (+5).
   It increases your rate of regeneration.
 u - a +2 cloak of magic resistance
 v - the +0 cloak of the Endless Expanse (worn) {rPois rCorr Int+3}
   (Okawaru gifted it to you on level 4 of the Snake Pit)

   It affects your intelligence (+3).
   It protects you from poison.
   It protects you from acid and corrosion.
 y - the +0 hat "Ehouw" {rF- Str+8}
   (Okawaru gifted it to you on level 3 of the Vaults)

   It affects your strength (+8).
   It makes you vulnerable to fire.
 C - the +4 ice dragon scales of Nobility {rF- rC++ rN+ Int+2 Slay+3 Stlth-}
   (You found it in an ice cave)

   It affects your intelligence (+2).
   It affects your accuracy and damage with ranged weapons and melee attacks
   (+3).
   It makes you vulnerable to fire.
   It greatly protects you from cold.
   It protects you from negative energy.
   It makes you less stealthy.
 M - a +2 cloak of magic resistance
 U - the +3 hat of Pondering (worn) {ponderous, MR+ MP+10 Int+5}
   (You found it on level 3 of the Elven Halls)

   It affects your intelligence (+5).
   It affects your resistance to hostile enchantments.
   It affects your magic capacity (+10).
Jewellery
 a - a +4 ring of dexterity
 c - the amulet "Waips" (around neck) {Reflect *Drain rElec rF++ Int+2 SH+3}
   (You bought it in a shop on level 1 of the Elven Halls)

   [amulet of reflection]

   It shields you and reflects attacks.
   It affects your intelligence (+2).
   It greatly protects you from fire.
   It insulates you from electricity.
   It causes draining when unequipped.
   It affects your SH (+3).
 k - an uncursed ring of fire
 n - an uncursed ring of protection from cold
 s - the ring of Symmetry (right claw) {+Fly rN+ Str+7 Int-5}
   (You bought it in a shop on level 1 of the Elven Halls)

   [ring of flight]

   It affects your strength (+7).
   It affects your intelligence (-5).
   It protects you from negative energy.
   It lets you fly.
 I - the amulet "Ustic" {*Drain +Rage Dex+4 Slay+5}
   (You took it off a deep elf annihilator on level 2 of the Elven Halls)

   [amulet of rage]

   It affects your dexterity (+4).
   It affects your accuracy and damage with ranged weapons and melee attacks
   (+5).
   It lets you go berserk.
   It causes draining when unequipped.
 K - an uncursed amulet of guardian spirit {unknown}
 P - an uncursed ring of protection from fire {unknown}
 S - a +5 ring of strength {unknown}
 Z - the ring of Vysapa Oguth (left claw) {+Blink rPois rC- AC+5 Stlth+}
   (You took it off a deep elf sorcerer on level 3 of the Elven Halls)

   [ring of protection]

   It affects your AC (+5).
   It makes you vulnerable to cold.
   It protects you from poison.
   It lets you blink.
   It makes you more stealthy.
Wands
 R - a wand of flame (19/48)
 V - a wand of digging (11/24)
 W - a wand of heal wounds (8/9)
Scrolls
 e - 24 scrolls of remove curse
 l - 2 scrolls of blinking
 m - 9 scrolls of fog
 o - 8 scrolls of magic mapping
 r - 7 scrolls of identify
 B - 7 scrolls of enchant armour
 E - 13 scrolls of teleportation
 H - 2 scrolls of fear
 L - 2 scrolls of recharging
 Q - a scroll of brand weapon
Potions
 h - 8 potions of might
 i - 11 potions of brilliance
 j - 6 potions of flight
 p - 5 potions of haste
 t - 4 potions of berserk rage
 w - a potion of beneficial mutation {unknown}
 x - 5 potions of invisibility
 z - 20 potions of curing
 D - 10 potions of agility
 O - 4 potions of ambrosia
 T - 2 potions of resistance
 X - a potion of magic
 Y - a potion of cancellation
Books
 A - a manual of Polearms
Comestibles
 b - 15 bread rations
 q - 26 meat rations
 F - 13 slices of pizza
 G - 24 royal jellies
 J - 38 fruits
 N - 8 beef jerkies


   Skills:
 + Level 17.4 Fighting
 + Level 15.0 Armour
 + Level 17.4 Dodging
 - Level 1.1 Stealth
 + Level 21.8 Unarmed Combat
 + Level 16.2 Invocations


You had 22 spell levels left.
You didn't know any spells.

Dungeon Overview and Level Annotations

Branches:
Dungeon (15/15)            Temple (0/1) D:7            Lair (6/6) D:9
 Shoals (4/4) Lair:2        Snake (4/4) Lair:4        Slime (2/5) Lair:6
    Orc (2/2) D:12            Elf (3/3) Orc:2        Vaults (4/5) D:13
  Crypt (0/3) Vaults:2     Depths (2/5) D:15

Altars:
Ashenzari
Cheibriados
Dithmenos
Elyvilon
Kikubaaqudgha
Makhleb
Nemelex Xobeh
Okawaru
Qazlal
Ru
Sif Muna
Uskayaw
Yredelemnul

Shops:
D:6 :   D:10 :[%:=   D:11 !   Orc:2 ![!:   Elf:1 *=}=   Elf:3 *=!   Shoals:3 ?
Snake:2 :   Vaults:1 *   Vaults:2 }

Portals:
Hell: Depths:1 Depths:2
Abyss: Depths:1 Depths:2
Pandemonium: Orc:2 Depths:1

Annotations:
Lair:4 exclusion: 2 oklob plants


Innate Abilities, Weirdness & Mutations

You are too large for most types of armour.
You have claws for hands.
Your metabolism is lightning-fast.
You like to eat raw meat.
Your natural rate of healing is unusually fast.
You are covered in fur. (AC +1)
You have very tough skin. (AC +2)
You are partially covered in molten scales. (AC +2)
You are partially covered in slimy green scales. (AC +2)
You are agile. (Dex +2)
Scrolls take you much longer to read.
Armour fits poorly on your strangely shaped body.
Your muscles are strong. (Str +2)
Your spells are a little easier to cast, but a little less powerful.


Message History

The very large slime creature closely misses you.
The acid blob completely misses you.
You scratch the acid blob but do no damage.
Your claws burn!
* * * LOW HITPOINT WARNING * * *
The acid blob is heavily wounded.
The golden eye blinks at you.
You are confused.
The large slime creature closely misses you.
You're too confused!
You're too confused to move!
The acid blob barely misses you.
The very large slime creature hits you!!!
* * * LOW HITPOINT WARNING * * *
A large slime creature splits.
The acid blob hits you but does no damage.
You scratch the slime creature. You claw the slime creature!!!
The slime creature is severely wounded.
The golden eye blinks!
The very large slime creature hits you!!!
You die...

#....#......#....#........#
#
##.####...................#
# ##.....................#
#.................#.#.## #.
##.......##..........## ..
##....###......#...## #..
#....##......#....#### ##...
##.........JJ......#.###....
##........@ยง.....#....##.#.
#........JJ................
##..#...>..<.......#.....#.
##.#...G......#..........#.
#..............#...........
#...#.........###..........
##.##.........####.........
##.##.........##....#..#..
#............####.........


You could see an acid blob, a very large slime creature, 2 slime creatures and a
golden eye.

Vanquished Creatures
  Mennas (Vaults:2)
  Boris (twice) (Vaults:2 Vaults:3)
  A caustic shrike (Depths:2)
  Nikola (Depths:2)
  The ghost of nikopol the Executioner, an adept MiBe of Trog (Vaults:4)
  2 tentacled monstrosities
  A moon troll (WizLab)
  2 liches
  Rupert (Lair:5)
  5 acid blobs
  4 deep elf master archers (Elf:3)
  A titan (Depths:2)
  Gastronok (Lair:1)
  6 tentacled starspawn (WizLab)
  3 sphinxes
  2 shadow dragons
  A storm dragon (D:12)
  The ghost of Chiseanne the Spry, an adept SpGl of Gozag (WizLab)
  Donald (Elf:2)
  2 azure jellies (Slime:1)
  8 nagarajas
  A draconian monk (Depths:2)
  3 tengu reavers
  9 deep elf sorcerers
  A storm dragon (shapeshifter) (Vaults:1)
  Ilsuiw (Shoals:4)
  Roxanne (Shoals:4)
  3 fire giants
  Aizul (Elf:1)
  8 frost giants
  16 vault wardens
  2 iron dragons (Depths:2)
  An orc warlord (Vaults:4)
  5 deep elf elementalists (Elf:3)
  A cacodemon (WizLab)
  10 very ugly things
  10 ironheart preservers
  7 stone giants
  An entropy weaver (shapeshifter) (Elf:1)
  A vampire knight (Depths:1)
  2 war gargoyles (WizLab)
  An entropy weaver (Depths:2)
  5 deep elf demonologists
  3 spark wasps (Depths:2)
  A lorocyproca (Depths:1)
  8 deep elf annihilators
  A crystal guardian (WizLab)
  Azrael (Snake:1)
  7 deep elf death magi
  5 ettins
  4 merfolk javelineers
  5 deep elf high priests (Elf:3)
  An ettin (shapeshifter) (Depths:2)
  A minotaur (Lab)
  3 merfolk impalers (Shoals:3)
  A death ooze (Slime:1)
  8 fire dragons
  18 yaktaur captains
  8 great orbs of eyes
  3 hydras
  Josephine (Lair:5)
  Harold (D:10)
  4 rakshasas
  6 ice dragons
  3 vault guards
  A monstrous demonspawn (Depths:1)
  2 spriggan air magi (Depths:2)
  Fannar (Lair:1)
  A hydra (shapeshifter) (Depths:2)
  13 naga warriors
  6 centaur warriors
  4 satyrs
  2 death yaks (Lair:5)
  3 catoblepae
  3 death knights
  8 merfolk aquamancers
  Erica (D:8)
  A merfolk avatar (Shoals:2)
  3 tengu warriors
  22 dancing weapons
  16 ogre magi
  2 deep troll shamans (Depths:1)
  8 anacondas
  3 deep troll earth magi (Depths:2)
  5 orc high priests
  A spriggan (Depths:2)
  3 shock serpents
  A vampire mage (Depths:2)
  2 hell knights (Depths:2)
  25 naga sharpshooters
  2 spriggan berserkers
  13 deep elf knights
  13 skeletal warriors
  3 salamander mystics
  A wretched star (WizLab)
  13 sea snakes
  8 deep trolls
  3 unseen horrors
  A shadow wraith (Vaults:2)
  2 torturous demonspawn (Orc:2)
  A sixfirhy (Depths:1)
  3 iron trolls (Depths:1)
  An obsidian statue (D:13)
  8 wizards
  5 flayed ghosts
  15 deep elf archers
  2 gelid demonspawn (Orc:2)
  An orange crystal statue (WizLab)
  10 naga ritualists
  8 hill giants
  17 ironbrand convokers
  Pikel (D:8)
  3 phantasmal warriors
  10 glowing orange brains
  A wolf spider zombie (D:15)
  31 harpies
  44 deep elf magi
  5 necromancers
  An orb spider (shapeshifter) (D:15)
  5 mana vipers
  2 shining eyes
  6 manticores
  17 orc knights
  9 wolf spiders
  60 ugly things
  A glowing shapeshifter (Elf:2)
  An oklob plant (Lair:3)
  9 orc sorcerers
  10 salamanders
  12 cyclopes
  A cyclops (shapeshifter) (Elf:3)
  29 fauns
  A frost giant skeleton (Vaults:4)
  42 black mambas
  4 ice statues
  22 sirens
  A rust devil (Depths:1)
  11 eyes of devastation
  A water nymph (shapeshifter) (Depths:2)
  An elephant (shapeshifter) (Depths:2)
  A fire giant skeleton (Vaults:4)
  4 guardian serpents
  17 vault sentinels
  Maurice (D:12)
  2 stone giant skeletons
  28 naga magi
  7 water nymphs
  A black mamba (shapeshifter) (Depths:2)
  A molten gargoyle (Lair:5)
  A torpor snail (Lair:5)
  2 spiny frogs (shapeshifter)
  25 spiny frogs
  2 centaur skeletons
  2 rime drakes
  A yaktaur (shapeshifter) (Vaults:4)
  4 komodo dragons
  A kobold demonologist (D:15)
  64 yaktaurs
  A red devil (Orc:2)
  3 tengu conjurers
  A hellwing (Orc:2)
  A yaktaur zombie (Vaults:4)
  4 freezing wraiths
  2 polar bears
  A jumping spider (shapeshifter) (Depths:2)
  2 queen bees (Lair:4)
  A queen bee (shapeshifter) (Vaults:4)
  10 trolls
  A polar bear (shapeshifter) (Vaults:2)
  7 meliai
  A meliai (shapeshifter) (Depths:2)
  A tengu simulacrum (Vaults:3)
  4 hornets
  A hornet (shapeshifter) (Depths:2)
  2 two-headed ogres (shapeshifter)
  21 two-headed ogres
  4 tyrant leeches (Lair:6)
  20 merfolk
  Grinder (D:3)
  A wolf spider simulacrum (D:14)
  71 slime creatures
  3 blink frogs (Lair:4)
  Prince Ribbit (D:7)
  A wind drake (Shoals:3)
  6 snapping turtles
  A stone giant simulacrum (Vaults:2)
  14 hippogriffs
  A deep troll zombie (D:15)
  14 dream sheep
  A hippogriff (shapeshifter) (Depths:2)
  A centaur simulacrum (D:14)
  3 air elementals
  16 water elementals
  3 tarantellas (shapeshifter)
  4 shadows
  A redback (Lab)
  A redback (shapeshifter) (Elf:2)
  A spriggan (shapeshifter) (Vaults:3)
  Sigmund (D:3)
  6 fire elementals
  A spriggan skeleton (D:15)
  8 wyverns
  58 yaks
  6 wraiths
  8 golden eyes
  3 basilisks (Lair:4)
  9 hungry ghosts
  12 vampire mosquitoes
  3 neqoxecs
  A chaos spawn (Orc:2)
  A yaktaur simulacrum (Vaults:2)
  A steam dragon (D:13)
  Menkaure (D:7)
  A mottled dragon (Vaults:2)
  56 nagas
  2 soldier ants (shapeshifter) (D:15)
  3 human zombies
  8 wargs
  13 water moccasins
  A floating eye (shapeshifter) (Elf:1)
  A human skeleton (Depths:1)
  A porcupine (Lair:3)
  2 black bears
  4 hell hounds (Snake:1)
  A slave (D:8)
  52 orc warriors
  3 sky beasts
  3 eyes of draining
  42 ogres
  2 phantoms
  11 wolves
  20 ice beasts
  A boggart (Depths:2)
  15 centaurs
  19 crocodiles
  4 big kobolds
  31 bullfrogs
  2 earth elementals
  3 gnoll sergeants
  6 scorpions
  A wyvern skeleton (D:14)
  A scorpion (shapeshifter) (Vaults:2)
  69 killer bees
  5 wights
  7 electric eels
  4 howler monkeys
  10 crimson imps
  A centaur zombie (D:9)
  3 bullfrog zombies
  A quasit (Sewer)
  11 starcursed masses (WizLab)
  30 orc priests
  7 hounds
  22 orc wizards
  12 jellies
  4 bullfrog skeletons
  Jessica (D:3)
  4 iguanas
  Natasha (thrice) (D:3)
  8 worker ants
  A killer bee zombie (D:5)
  4 big kobold zombies (Sewer)
  2 crocodile zombies (Lair:5)
  2 worker ant zombies
  9 gnolls
  2 river rats
  20 adders
  11 shadow imps
  An ufetubus (Sewer)
  2 oozes
  2 adder skeletons
  5 worms
  8 leopard geckos
  80 orcs
  A ball python (D:1)
  A bat zombie (Sewer)
  4 giant cockroaches
  5 goblins
  7 hobgoblins
  14 jackals
  5 quokkas
  11 bats
  2 frilled lizards (D:1)
  22 kobolds
  A kobold zombie (Sewer)
  A leopard gecko zombie (D:8)
  A quokka skeleton (D:6)
  A rat (D:3)
  A fungus (D:9)
  3 plants
  4 starspawn tentacles (WizLab)
2098 creatures vanquished.

Vanquished Creatures (others)
  A deep elf annihilator (Elf:3)
  A merfolk javelineer (Shoals:2)
  A necromancer (Vaults:4)
  A yaktaur (Vaults:3)
  An ogre (Vaults:2)
  An ooze (Sewer)
  A kobold zombie (Sewer)
  6 bushes (Lair:6)
  4 demonic plants (WizLab)
  18 fungi
  28 plants
  9 starspawn tentacles (WizLab)
  A withered plant (D:15)
73 creatures vanquished.

Grand Total: 2171 creatures vanquished

Notes
Turn   | Place    | Note
-------+----------+-------------------------------------------
     0 | D:1      | galech the Troll Monk began the quest for the Orb.
     0 | D:1      | Reached XP level 1. HP: 22/22 MP: 0/0
   105 | D:1      | Reached XP level 2. HP: 29/29 MP: 1/1
   920 | D:2      | Reached XP level 3. HP: 36/36 MP: 2/2
  1470 | D:2      | Reached XP level 4. HP: 42/44 MP: 3/3
  1717 | D:3      | Noticed Natasha
  1728 | D:3      | Killed Natasha
  1738 | D:3      | Found an iron altar of Okawaru.
  1746 | D:3      | Became a worshipper of Warmaster Okawaru
  1746 | D:3      | Reached * piety under Okawaru
  1746 | D:3      | Reached ** piety under Okawaru
  1749 | D:3      | Noticed Sigmund
  1759 | D:3      | Killed Sigmund
  1759 | D:3      | Reached skill level 4 in Unarmed Combat
  1759 | D:3      | Reached XP level 5. HP: 53/53 MP: 4/4
  1759 | D:3      | Reached XP level 6. HP: 61/61 MP: 5/5
  1983 | D:3      | Found a shattered altar of Ashenzari.
  1998 | D:3      | Noticed Jessica
  2004 | D:3      | Killed Jessica
  2034 | D:3      | Noticed Grinder
  2048 | D:3      | Killed Grinder
  2048 | D:3      | Reached *** piety under Okawaru
  2048 | D:3      | Reached skill level 5 in Unarmed Combat
  2128 | D:3      | Noticed Natasha
  2138 | D:3      | Killed Natasha
  2138 | D:3      | Reached XP level 7. HP: 62/70 MP: 6/6
  2321 | D:3      | Noticed Natasha
  2329 | D:3      | Killed Natasha
  2890 | D:5      | Entered Level 5 of the Dungeon
  2937 | D:5      | Reached skill level 5 in Dodging
  2937 | D:5      | Reached skill level 6 in Unarmed Combat
  2944 | D:5      | Reached skill level 5 in Fighting
  2944 | D:5      | Reached XP level 8. HP: 80/80 MP: 7/7
  3008 | D:5      | Reached **** piety under Okawaru
  3478 | D:6      | Found Detapoob's Book Shop.
  3485 | D:6      | Reached skill level 7 in Unarmed Combat
  3595 | D:6      | Found a glowing drain.
  3604 | Sewer    | Entered a sewer
  3713 | Sewer    | Found a burning altar of Makhleb.
  4122 | D:6      | Reached XP level 9. HP: 89/89 MP: 8/8
  4697 | D:7      | Reached skill level 8 in Unarmed Combat
  4884 | D:7      | Noticed Menkaure
  4886 | D:7      | Killed Menkaure
  4899 | D:7      | Found a burning altar of Makhleb.
  4957 | D:7      | Noticed Prince Ribbit
  4967 | D:7      | Killed Prince Ribbit
  4967 | D:7      | Reached ***** piety under Okawaru
  5205 | D:7      | Found a staircase to the Ecumenical Temple.
  5671 | D:8      | Noticed Pikel
  5679 | D:8      | Killed Pikel
  5679 | D:8      | Reached skill level 9 in Unarmed Combat
  5679 | D:8      | Reached XP level 10. HP: 71/102 MP: 6/9
  5940 | D:8      | Found a sparkling altar of Nemelex Xobeh.
  6077 | D:8      | Found a deep blue altar of Sif Muna.
  6268 | D:8      | Noticed Erica
  6277 | D:8      | Killed Erica
  6578 | D:9      | Found a staircase to the Lair.
  6919 | D:9      | Found a stormy altar of Qazlal.
  7080 | D:9      | Found a snail-covered altar of Cheibriados.
  7146 | D:9      | Reached skill level 10 in Unarmed Combat
  7234 | D:10     | Entered Level 10 of the Dungeon
  7346 | D:10     | Found Zid Xaru's Food Boutique.
  7407 | D:10     | Found Lammelaoju's Book Emporium.
  7422 | D:10     | Found Imimuze's Jewellery Emporium.
  7809 | D:10     | Reached ****** piety under Okawaru
  7855 | D:10     | Found Caofel's Book Boutique.
  7914 | D:10     | Found Ehasedd's Antique Armour Emporium.
  7984 | D:10     | Noticed Harold
  7992 | D:10     | Killed Harold
  7992 | D:10     | Reached XP level 11. HP: 93/113 MP: 7/10
  8014 | D:10     | Noticed a hill giant
  8021 | D:10     | Killed a hill giant
  8021 | D:10     | Received a gift from Okawaru
  8082 | D:10     | Noticed a hill giant
  8100 | D:10     | Killed a hill giant
  8192 | D:10     | Noticed a hill giant
  8269 | D:11     | Found Dufet's Distillery.
  8664 | D:11     | Found a sacrificial altar of Ru.
  8836 | D:11     | Killed an unseen horror
  8979 | D:11     | Received a gift from Okawaru
  8979 | D:11     | Reached skill level 11 in Unarmed Combat
  9077 | D:11     | Got a bloodstained shield {god gift}
  9083 | D:11     | Identified the +0 shield of Okawaru's Generosity {rF+ Str-5 Int+4} (Okawaru gifted it to you on level 11 of the Dungeon)
  9479 | D:12     | Gained mutation: Your muscles are strong. (Str +2) [mutagenic meat]
  9480 | D:12     | Gained mutation: You are partially covered in molten scales. (AC +2) [mutagenic meat]
  9482 | D:12     | Gained mutation: You are partially covered in slimy green scales. (AC +2) [mutagenic meat]
  9483 | D:12     | Gained mutation: You are agile. (Dex +2) [mutagenic meat]
  9484 | D:12     | Gained mutation: You are robust. (+10% HP) [mutagenic meat]
  9669 | D:12     | Noticed a green ugly thing
  9671 | D:12     | Noticed a deep elf mage
  9687 | D:12     | Killed a deep elf mage
  9692 | D:12     | Killed a green ugly thing
  9695 | D:12     | Found a large runed door.
  9835 | D:12     | Found a large runed door.
  9904 | D:12     | Noticed a hill giant
  9912 | D:12     | Killed a hill giant
  9922 | D:12     | Noticed a harpy
  9925 | D:12     | Noticed a harpy
  9927 | D:12     | Noticed a harpy
  9929 | D:12     | Killed a harpy
  9930 | D:12     | Noticed a harpy
  9933 | D:12     | Killed a harpy
  9933 | D:12     | Reached XP level 12. HP: 89/138 MP: 11/11
  9936 | D:12     | Reached skill level 10 in Dodging
  9940 | D:12     | Reached skill level 10 in Fighting
 10122 | D:10     | Bought the +2 hat of the High Council {Archmagi, Wiz- Stlth-} for 847 gold pieces
 10182 | D:12     | Reached skill level 12 in Unarmed Combat
 10301 | D:12     | Noticed an eight-headed hydra
 10344 | D:12     | Killed a ten-headed hydra
 10344 | D:12     | Reached skill level 1 in Invocations
 10349 | D:12     | Noticed Maurice
 10357 | D:12     | Killed Maurice
 10357 | D:12     | Reached skill level 1 in Armour
 10383 | D:12     | Found a staircase to the Orcish Mines.
 10532 | D:12     | Found a white marble altar of Elyvilon.
 10532 | D:12     | Noticed a tengu reaver
 10539 | D:12     | Killed a tengu reaver
 10547 | D:12     | Noticed a storm dragon
 10556 | D:12     | Killed a storm dragon
 10556 | D:12     | Received a gift from Okawaru
 10609 | D:12     | Got a polished battleaxe {god gift}
 10610 | D:12     | Identified the +4 battleaxe of Urghozxol {venom, *Slow MR+ Str+4} (Okawaru gifted it to you on level 12 of the Dungeon)
 10640 | D:12     | Found a hide-covered altar of Uskayaw.
 10693 | Lair:1   | Entered Level 1 of the Lair of Beasts
 11004 | Lair:1   | Noticed Fannar
 11016 | Lair:1   | Killed Fannar
 11514 | Lair:1   | Noticed Gastronok
 11523 | Lair:1   | Killed Gastronok
 11523 | Lair:1   | Reached XP level 13. HP: 118/148 MP: 14/14
 11668 | Lair:2   | Found a staircase to the Shoals.
 11961 | Lair:2   | Received a gift from Okawaru
 12325 | Lair:3   | Found a frozen archway.
 12349 | IceCv    | Entered an ice cave
 12462 | IceCv    | Got bloodstained ice dragon scales
 12473 | IceCv    | Identified the +4 ice dragon scales of Nobility {rF- rC++ rN+ Int+2 Slay+3 Stlth-} (You found it in an ice cave)
 13041 | Lair:3   | Reached skill level 13 in Unarmed Combat
 13676 | Lair:4   | Reached skill level 5 in Invocations
 13857 | Lair:4   | Reached skill level 5 in Armour
 13860 | Lair:4   | Received a gift from Okawaru
 14362 | Lair:4   | Found a staircase to the Snake Pit.
 14525 | Lair:4   | Reached XP level 14. HP: 160/160 MP: 17/17
 14750 | Lair:4   | Received a gift from Okawaru
 15329 | Orc:1    | Entered Level 1 of the Orcish Mines
 15965 | Orc:2    | Entered Level 2 of the Orcish Mines
 16293 | Orc:2    | Found a staircase to the Elven Halls.
 16581 | Orc:2    | Found Houmaph's Distillery.
 16585 | Orc:2    | Found Eggude's Distillery.
 16701 | Orc:2    | Received a gift from Okawaru
 16906 | Orc:2    | Received a gift from Okawaru
 16992 | Orc:2    | Found Siaqeisch's Antique Armour Boutique.
 16992 | Orc:2    | Found Luilar's Book Shop.
 16992 | Orc:2    | Found a one-way gate leading to the halls of Pandemonium.
 17778 | Lair:5   | Noticed Josephine
 17781 | Lair:5   | Noticed Rupert
 17788 | Lair:5   | Killed Josephine
 17798 | Lair:5   | Paralysed by Rupert for 2 turns
 17801 | Lair:5   | Killed Rupert
 17801 | Lair:5   | Reached skill level 14 in Unarmed Combat
 17804 | Lair:5   | Received a gift from Okawaru
 18057 | Lair:5   | Reached XP level 15. HP: 171/171 MP: 19/19
 18121 | Lair:5   | Got an ancient dire flail
 18122 | Lair:5   | Identified the cursed +1 dire flail "Norph" {venom, +Rage rC+ rN+} (You found it on level 5 of the Lair of Beasts)
 18647 | Lair:6   | Entered Level 6 of the Lair of Beasts
 18648 | Lair:6   | Found a staircase to the Slime Pits.
 19095 | Lair:6   | Received a gift from Okawaru
 19099 | Lair:6   | Got fine pearl dragon scales {god gift}
 19116 | Lair:6   | Identified the +0 pearl dragon scales "Vumes" {rN+ MP+9} (Okawaru gifted it to you on level 6 of the Lair of Beasts)
 20087 | D:13     | Found a labyrinth entrance.
 20092 | Lab      | Entered a labyrinth
 21261 | D:13     | Found a gate to the Vaults.
 22084 | D:13     | Got an encrusted dire flail
 22098 | D:13     | Identified the +6 dire flail of Inyddih {speed, Dex+4} (You found it on level 13 of the Dungeon)
 23057 | D:14     | Reached XP level 16. HP: 131/183 MP: 14/21
 23637 | D:14     | Identified a scroll of acquirement
 23671 | D:15     | Entered Level 15 of the Dungeon
 23701 | D:15     | Found a staircase to the Depths.
 23747 | D:15     | Received a gift from Okawaru
 23835 | D:15     | Reached skill level 15 in Unarmed Combat
 24281 | D:15     | Received a gift from Okawaru
 24539 | D:15     | Got an ichor-stained robe
 24550 | D:15     | Identified the cursed +1 robe "Filol" {rPois} (You found it on level 15 of the Dungeon)
 25051 | Elf:1    | Entered Level 1 of the Elven Halls
 25134 | Elf:1    | Paralysed by a floating eye for 4 turns
 25146 | Elf:1    | Paralysed by a floating eye for 4 turns
 25317 | Elf:1    | Found Ecunyl Piom's Jewellery Shop.
 25319 | Elf:1    | Found Penaeresch's Jewellery Shop.
 25348 | Elf:1    | Found a magical portal.
 25436 | WizLab   | Entered Lehudib's Moon Base
 25452 | WizLab   | Noticed Chiseanne's ghost (adept SpGl)
 25466 | WizLab   | Killed Chiseanne's ghost
 25466 | WizLab   | Received a gift from Okawaru
 25556 | WizLab   | Noticed a tentacled starspawn
 25675 | WizLab   | Reached skill level 10 in Invocations
 25740 | WizLab   | Received a gift from Okawaru
 25752 | WizLab   | Got pitted mottled dragon scales {god gift}
 25767 | WizLab   | Identified the +0 mottled dragon scales of Noughts and Crosses {rF- rN+ Str+4} (Okawaru gifted it to you in a wizard's laboratory)
 25839 | WizLab   | Noticed a tentacled starspawn
 25842 | WizLab   | Reached skill level 16 in Unarmed Combat
 25847 | WizLab   | Killed a tentacled starspawn
 26002 | WizLab   | Noticed a tentacled starspawn
 26025 | WizLab   | Killed a tentacled starspawn
 26210 | WizLab   | Reached XP level 17. HP: 195/195 MP: 15/23
 26248 | WizLab   | Gained mutation: Your spells are a little easier to cast, but a little less powerful. [a neqoxec]
 26378 | WizLab   | Paralysed by a great orb of eyes for 3 turns
 26584 | WizLab   | Paralysed by accursed screaming for 1 turns
 26591 | WizLab   | Paralysed by accursed screaming for 2 turns
 26595 | WizLab   | Paralysed by accursed screaming for 1 turns
 26881 | WizLab   | Received a gift from Okawaru
 27010 | WizLab   | Noticed a moon troll
 27025 | WizLab   | Killed a moon troll
 27079 | WizLab   | Identified Juabrud's First Steps in Rites and Rhymes
 27121 | WizLab   | Identified Lehudib's Almanac of Displaced Stones
 27570 | Elf:1    | Found Xuili's General Store.
 27605 | Elf:1    | Noticed Aizul
 27616 | Elf:1    | Killed Aizul
 27889 | Elf:1    | Reached skill level 10 in Armour
 27889 | Elf:1    | Reached skill level 17 in Unarmed Combat
 28078 | Elf:1    | Found Hapi's Gadget Emporium.
 28089 | Elf:1    | Bought the ring of Symmetry {+Fly rN+ Str+7 Int-5} for 559 gold pieces
 28104 | Elf:1    | Bought the amulet "Waips" {Reflect *Drain rElec rF++ Int+2 SH+3} for 936 gold pieces
 28454 | Elf:2    | Found a runed gate.
 28456 | Elf:2    | Found a runed gate.
 28456 | Elf:2    | Found a runed gate.
 28860 | Elf:2    | Received a gift from Okawaru
 29027 | Elf:2    | Noticed Donald
 29122 | Elf:2    | Killed Donald
 29209 | Elf:2    | Reached XP level 18. HP: 156/206 MP: 17/25
 29527 | Elf:3    | Entered Level 3 of the Elven Halls
 29706 | Elf:3    | Found Igreopsa's Distillery.
 29708 | Elf:3    | Found Sasatozi's Jewellery Emporium.
 29710 | Elf:3    | Found Fiummad's Assorted Antiques.
 29721 | Elf:3    | Bought a scroll of enchant armour for 277 gold pieces
 30473 | Elf:3    | Gained mutation: Armour fits poorly on your strangely shaped body. [a cacodemon]
 30493 | Elf:3    | Reached skill level 18 in Unarmed Combat
 30502 | Elf:3    | Noticed an Ice Fiend
 30527 | Elf:2    | Got an ancient ruby amulet
 30747 | Elf:3    | Cast into level 3 of the Abyss (a deep elf demonologist)
 30747 | Abyss:3  | Found a corrupted altar of Lugonu.
 30753 | Elf:3    | Escaped the Abyss
 30755 | Elf:3    | Noticed a Hell Sentinel
 30946 | Elf:3    | Got a pitted flail {protect}
 31388 | Elf:2    | Identified the +10 flail of Reinforcement {protect, Dex+2} (You took it off a deep elf high priest on level 3 of the Elven Halls)
 31469 | Elf:3    | Received a gift from Okawaru
 31490 | Elf:3    | Got a translucent bone ring
 31568 | Elf:3    | Identified the ring of Vysapa Oguth {+Blink rPois rC- AC+5 Stlth+} (You took it off a deep elf sorcerer on level 3 of the Elven Halls)
 31732 | Elf:3    | Identified the Compendium of the Glacier
 31741 | Elf:3    | Got a heavy robe
 31752 | Elf:3    | Identified the +1 robe "Xoilog" {Int+5 Dex-4} (You found it on level 3 of the Elven Halls)
 32254 | Snake:1  | Entered Level 1 of the Snake Pit
 32730 | Snake:1  | Noticed Azrael
 32746 | Snake:1  | Killed Azrael
 32764 | Snake:1  | Reached XP level 19. HP: 217/217 MP: 27/27
 33246 | Snake:2  | Found Vaxketro's Book Shoppe.
 33991 | Snake:2  | Received a gift from Okawaru
 34689 | Snake:3  | Reached skill level 15 in Dodging
 34803 | Snake:3  | Reached skill level 19 in Unarmed Combat
 35210 | Snake:4  | Entered Level 4 of the Snake Pit
 35327 | Snake:4  | Received a gift from Okawaru
 35479 | Snake:4  | Found a shadowy altar of Dithmenos.
 36003 | Snake:3  | Reached skill level 15 in Fighting
 36219 | Snake:4  | Received a gift from Okawaru
 36222 | Snake:4  | Got a smoking cloak {god gift}
 36260 | Snake:3  | Identified the +0 cloak of the Endless Expanse {rPois rCorr Int+3} (Okawaru gifted it to you on level 4 of the Snake Pit)
 36552 | Snake:4  | Got a serpentine rune of Zot
 36762 | Shoals:1 | Entered Level 1 of the Shoals
 36767 | Shoals:1 | Reached XP level 20. HP: 223/231 MP: 28/28
 38526 | Shoals:3 | Found Nairghao's Magic Scroll Shop.
 38547 | Shoals:3 | Bought a scroll of identify for 28 gold pieces
 38547 | Shoals:3 | Bought a scroll of identify for 28 gold pieces
 38547 | Shoals:3 | Bought a scroll of identify for 28 gold pieces
 39054 | Shoals:4 | Entered Level 4 of the Shoals
 39102 | Shoals:3 | Received a gift from Okawaru
 39464 | Shoals:4 | Noticed Ilsuiw
 39489 | Shoals:4 | Killed Ilsuiw
 39590 | Shoals:4 | Noticed Roxanne
 39597 | Shoals:4 | Killed Roxanne
 39945 | Shoals:4 | Got a barnacled rune of Zot
 40381 | Depths:1 | Entered Level 1 of the Depths
 40473 | Depths:1 | Reached skill level 20 in Unarmed Combat
 40583 | Depths:1 | Found a one-way gate to the infinite horrors of the Abyss.
 40792 | Depths:1 | Found a gateway to Hell.
 40827 | Depths:1 | Reached XP level 21. HP: 243/243 MP: 30/30
 41046 | Depths:1 | Identified the amulet "Ustic" {*Drain +Rage Dex+4 Slay+5} (You took it off a deep elf annihilator on level 2 of the Elven Halls)
 41299 | Depths:1 | Found a runed door.
 41658 | Depths:2 | Received a gift from Okawaru
 41699 | Depths:2 | Noticed Nikola
 41713 | Depths:2 | Killed Nikola
 41734 | Depths:2 | Noticed a caustic shrike
 41745 | Depths:2 | Killed a caustic shrike
 42494 | Depths:2 | Received a gift from Okawaru
 42777 | Depths:2 | Reached XP level 22. HP: 238/254 MP: 32/32
 43001 | Vaults:1 | Entered Level 1 of the Vaults
 43800 | Vaults:1 | Found Xetupoul's General Store.
 43826 | Vaults:1 | Bought a scroll of identify for 34 gold pieces
 44056 | Vaults:1 | Received a gift from Okawaru
 44088 | Vaults:1 | Got crude storm dragon scales {god gift}
 44099 | Vaults:1 | Identified the +7 storm dragon scales of Distant Worlds {rElec rF+ rN+ Dex-5 Stlth+} (Okawaru gifted it to you on level 1 of the Vaults)
 44309 | Vaults:1 | Reached skill level 15 in Invocations
 44586 | Vaults:2 | Found a staircase to the Crypt.
 44586 | Vaults:2 | Found an ancient bone altar of Kikubaaqudgha.
 44587 | Vaults:2 | Found a basalt altar of Yredelemnul.
 44968 | Vaults:2 | Noticed Boris
 44982 | Vaults:2 | Killed Boris
 45342 | Vaults:2 | Found Epaetsak's Gadget Shop.
 45407 | Vaults:2 | Noticed Mennas
 45529 | Vaults:2 | Reached skill level 21 in Unarmed Combat
 45871 | Vaults:2 | Killed Mennas
 46405 | Vaults:3 | Received a gift from Okawaru
 46408 | Vaults:3 | Got a faintly humming hat {god gift}
 46419 | Vaults:3 | Identified the +0 hat "Ehouw" {rF- Str+8} (Okawaru gifted it to you on level 3 of the Vaults)
 46708 | Vaults:3 | Noticed Boris
 46721 | Vaults:3 | Killed Boris
 46779 | Vaults:3 | Reached XP level 23. HP: 265/265 MP: 33/33
 47090 | Vaults:3 | Gained mutation: Scrolls take you a little longer to read. [a neqoxec]
 47092 | Vaults:3 | Gained mutation: Scrolls take you longer to read. [a neqoxec]
 47419 | Vaults:3 | Got an uncursed pitted long sword {speed}
 47420 | Vaults:3 | Identified the +2 long sword "Earthworm" {speed, +Fly rElec Str-2 Stlth-} (You took it off a vault warden on level 3 of the Vaults)
 47826 | Vaults:4 | Noticed nikopol's ghost (adept MiBe)
 47846 | Vaults:4 | Killed nikopol's ghost
 48481 | Vaults:4 | Found Mamiux's Armour Boutique.
 49206 | Slime:1  | Entered Level 1 of the Pits of Slime
 49221 | Slime:1  | Reached skill level 15 in Armour
 49287 | Slime:1  | Received a gift from Okawaru
 49577 | Slime:2  | Gained mutation: Scrolls take you much longer to read. [a shining eye]
 49579 | Slime:2  | Lost mutation: You are robust. (+10% HP) [a shining eye]
 49985 | Slime:2  | Demolished by a very large slime creature

Skill      XL: |  1  2  3  4  5  6  7  8  9 10 11 12 13 14 15 16 17 18 19 20 21 22 23 |
---------------+----------------------------------------------------------------------+-----
Dodging        | 3 4 5 6 7 8 9 10 11 12 13 14 15 16 17 | 17.4
Fighting       | 3 4 5 6 7 8 9 10 11 12 13 14 15 16 17 | 17.4
Unarmed Combat | 4 5 6 7 9 10 11 12 13 14 16 17 18 19 20 21 | 21.8
Invocations    | 3 5 7 9 10 11 12 13 14 15 16 | 16.2
Armour         | 3 5 7 8 9 10 11 12 13 14 15 | 15.0
Stealth        | |  1.1

Action                   |  1- 3 |  4- 6 |  7- 9 | 10-12 | 13-15 | 16-18 | 19-21 | 22-24 || total
-------------------------+-------+-------+-------+-------+-------+-------+-------+-------++-------
Melee: Unarmed           |    92 |    59 |   366 |   525 |  1330 |  1088 |  1571 |  1174 ||  6205
       Punch             |     4 |     1 |    13 |    25 |   111 |   141 |   241 |   191 ||   727
Invok: Heroism           |       |       |     4 |     8 |    28 |    28 |    16 |     8 ||    92
       Finesse           |       |       |       |     2 |    12 |    25 |    15 |     4 ||    58
 Abil: Evoke Blink       |       |       |       |       |       |       |     2 |       ||     2
  Use: Scroll            |       |       |    10 |    10 |     6 |    16 |    13 |     3 ||    58
       Potion            |       |       |     2 |       |     7 |     2 |       |     4 ||    15
 Stab: Sleeping          |     3 |     3 |    13 |    10 |       |     1 |     7 |     6 ||    43
       Distracted        |     1 |       |       |       |     2 |     1 |     2 |       ||     6
  Eat: Chunk             |    19 |     6 |    33 |    66 |    98 |    75 |    87 |    61 ||   445
       Bread ration      |       |       |       |       |     2 |     4 |     4 |       ||    10
Armor: Robe              |    30 |    16 |   102 |    75 |    15 |       |       |       ||   238
       Troll leather arm |       |       |       |    81 |    31 |    38 |   487 |   289 ||   926
       Ice dragon scales |       |       |       |       |   504 |   356 |       |       ||   860
Dodge: Dodged            |    46 |    20 |   250 |   365 |   873 |   536 |  1119 |   688 ||  3897
Block: Other             |       |       |       |       |       |    27 |   171 |    95 ||   293
       Reflection        |       |       |       |       |       |     8 |    23 |    17 ||    48
